 Seeded DCSS version 0.32-a0-909-gc671339a80 (webtiles) character file.

Game seed: 17073724502869601980 (custom seed)

8 timneilson the Ruffian (level 2, -1/18 HPs)
             Began as an Octopode Shapeshifter on Apr 6, 2024.
             Slain by a giant cockroach (2 damage)
             ... on level 1 of the Dungeon.
             The game lasted 00:00:37 (404 turns).

timneilson the Ruffian (Octopode Shapeshifter)       Turns: 404, Time: 00:00:39

Health: -1/18      AC:  1    Str: 13    XL:     2   Next: 8%
Magic:  2/2        EV: 12    Int: 12    God:
Gold:   16         SH:  0    Dex: 11    Spells: 1/1 levels left

rFire   . .          .
                       - Unarmed
rCold   . . .        (no shield)
rNeg    . . .        (helmet currently unavailable)
rPois   .            (no amulet)
rElec   .            (no ring)
rCorr   .            (no ring)
SInv    .            (no ring)
Will    .....        (no ring)
Stlth   ++           (no ring)
HPRegen 0.23/turn    (no ring)
MPRegen 0.08/turn    (no ring)
                     (no ring)

%: no passive effects
@: beast-form, studying Shields
A: beast (slay +1), almost no armour, amphibious, 8 rings, camouflage 1,
gelatinous body 1, (nimble swimmer 1), tentacles
a: Begin Untransformation


You were on level 1 of the Dungeon.
You were a hulking beast.
You visited 1 branch of the dungeon, and saw 1 of its levels.

You collected 16 gold pieces.

Inventory:

Talismans
 b - a beast talisman (active)
 c - a flux talisman
 f - a granite talisman
Potions
 a - 3 potions of lignification
 d - a potion of haste {unknown}
 e - a potion of mutation {unknown}


   Skills:
 + Level 1.1 Fighting
 * Level 2.1 Dodging
 + Level 0.5 Stealth
 * Level 3.1 Unarmed Combat
 * Level 3.1 Shapeshifting


You had one spell level left.
You didn't know any spells.
Your spell library was empty.

Dungeon Overview and Level Annotations

Branches:
Dungeon (1/15)

Altars:


Innate Abilities, Weirdness & Mutations

You are a hulking beast.
Your limbs bulge with bestial killing power. (Slay +1)
You cannot wear most types of armour.
You are amphibious.
You can wear up to eight rings at the same time.
Your skin changes colour to match your surroundings (Stealth+).
Your rubbery body absorbs attacks. (AC +1, EV +1)
((You are camouflaged when in or above water. (Stealth+)))
You have tentacles for arms and can constrict up to eight enemies at once.


Message History

The endoplasm completely misses you.
You tentacle-slap the endoplasm.
The endoplasm is heavily wounded.
The giant cockroach closely misses you.
You barely miss the endoplasm.
The endoplasm is heavily wounded.
The giant cockroach misses you. The endoplasm closely misses you.
You tentacle-slap the endoplasm.
The endoplasm is almost dead.
The giant cockroach bites you. The endoplasm freezes you.
You are frozen.
The giant cockroach bites you but does no damage.
You are too injured to fight recklessly!
You are too injured to fight recklessly!
You are too injured to fight recklessly!
You are too injured to fight recklessly!
You are too injured to fight recklessly!
You are too injured to fight recklessly!
You are too injured to fight recklessly!
You are too injured to fight recklessly!
You are too injured to fight recklessly!
You are too injured to fight recklessly!
You are too injured to fight recklessly!
You are too injured to fight recklessly!
You are too injured to fight recklessly!
You are too injured to fight recklessly!
You are too injured to fight recklessly!
You closely miss the giant cockroach. Your grab misses the giant cockroach.
The endoplasm freezes you.
You are frozen.
* * * LOW HITPOINT WARNING * * *
The giant cockroach bites you but does no damage.
You tentacle-slap the endoplasm but do no damage.
The endoplasm is almost dead.
The endoplasm freezes you.
You are frozen.
* * * LOW HITPOINT WARNING * * *
The giant cockroach bites you.
You die...

##### ###...#
.....###### #
#.J....... . ### #h#
# .....#B###########
#
....B..........>..#
#
#.......#########.##
# #..##.#.#
#...##### .. ...#.#
#........ ..####.#
#....#### . #..
##.#.# ### #.#.#


You could see an endoplasm and a giant cockroach.

Vanquished Creatures
  An endoplasm (D:1)
  A giant cockroach (D:1)
  A hobgoblin (D:1)
  A bat (D:1)
  A frilled lizard (D:1)
  2 goblins (D:1)
  A kobold (D:1)
8 creatures vanquished.

Notes
Turn   | Place    | Note
-------+----------+-------------------------------------------
     0 | D:1      | timneilson the Octopode Shapeshifter began the quest for
                  | the Orb.
     0 | D:1      | Reached XP level 1. HP: 13/13 MP: 1/1
   127 | D:1      | Identified a scroll of acquirement
   127 | D:1      | Acquired a manual of Shields
   216 | D:1      | Reached XP level 2. HP: 18/18 MP: 2/2
   404 | D:1      | Slain by a giant cockroach

Illustrated notes

Levels and vault maps discovered:
D:1:      lightli_arrival_windingriver, layout_loops_ring

Action                     || total
---------------------------++-------
  Melee: Unarmed           ||    19
         Constrict         ||     3
    Use: Scroll            ||     2
   Stab: Sleeping          ||     2
 Armour: Skin              ||     5
  Dodge: Dodged            ||     8

Table legend: (Time is in decaauts)
 A = Elapsed time spent in this place.
 B = Non-inter-level travel time spent in this place.
 C = Inter-level travel time spent in this place.
 D = Time resting spent in this place.
 E = Time spent auto-exploring this place.
 F = Levels seen in this place.
 G = Mean time per level.
                   A        B        C        D        E       F      G
               +--------+--------+--------+--------+--------+-----+--------+
         Total |    402 |    402 |      0 |      0 |    336 |   1 |  402.0 |
       Dungeon |    402 |    402 |      0 |      0 |    336 |   1 |  402.0 |
               +--------+--------+--------+--------+--------+-----+--------+

Top non-repeatable levels by time:
     D:1: 402 daAuts
